[Event "*** SCC Grand Prix: Titled Tuesday Blitz"]
[Site "Chess.com"]
[Date "2020.07.21"]
[Round "5"]
[White "Mazetovic"]
[Black "pastouche06"]
[Result "1-0"]
[WhiteElo "2665"]
[BlackElo "2523"]
[TimeControl "180+1"]
[EndTime "10:55:39 PDT"]
[Termination "Mazetovic won on time"]

1. e4 c6 2. d4 d5 3. exd5 cxd5 4. c3 Nc6 5. Bf4 Nf6 6. Nd2 Bf5 7. Ngf3 e6 8. Ne5 Nxe5 9. Bxe5 Nd7 10. Bg3 Be7 11. Nf3 O-O 12. Bd3 Bxd3 13. Qxd3 Nf6 14. Ne5 Ne4 15. f3 Nd6 16. O-O Bh4 17. Rfe1 Bxg3 18.
hxg3 b5 19. Kf2 a5 20. Rh1 h6 21. Rh5 b4 22. g4 bxc3 23. bxc3 Rb8 24. g5 Rb2+ 25. Kg1 Nf5 26. gxh6 g6 27. Rh3 Qg5 28. Ng4 Rfb8 29. Re1 Rd2 30. Qa6 Rbb2 31. Rh2 Kh7 32.
Qa7 Qe7 33. Qxe7 Nxe7 34. Nf6+ Kh8 35. Ng4 Rxa2 36. Ne5 1-0

[Event "*** SCC Grand Prix: Titled Tuesday Blitz"]
[Site "Chess.com"]
[Date "2020.07.21"]
[Round "5"]
[White "Volodar_Murzin"]
[Black "mamey78"]
[Result "0-1"]
[WhiteElo "2704"]
[BlackElo "2521"]
[TimeControl "180+1"]
[EndTime "10:55:40 PDT"]
[Termination "mamey78 won on time"]

1. e4 e5 2. Nf3 Nc6 3. Bb5 a6 4. Ba4 Nf6 5. O-O b5 6. Bb3 Be7 7. d3 O-O 8. Nc3 Bb7 9. a3 d6 10. h3 Nb8 11. Bg5 Nbd7 12. Ne2 h6 13. Be3 d5 14.
exd5 Nxd5 15. Ng3 f5 16. Bd2 Kh8 17. Re1 Bd6 18. Ba2 Qf6 19. Rc1 Rae8 20. c3 c5 21. Bb1 Nf4 22. b4 g5 23. bxc5 Nxc5 24. d4 exd4 25.
Nxf5 Ncd3 26. Rxe8 Rxe8 27. Bxf4 Nxf4 28. N3xd4 Bc5 29.
Qg4 Bxg2 30. h4 Bh3 31. Qf3 Bxf5 32. Nxf5 Ne2+ 33. Kh1 Nxc1 34. Qh5 Qc6+ 35. Kh2 Bd6+ 36. Kh3 Qh1+ 37. Kg4 Re4+ 0-1

[Event "*** SCC Grand Prix: Titled Tuesday Blitz"]
[Site "Chess.com"]
[Date "2020.07.21"]
[Round "5"]
[White "LastHeroJr"]
[Black "nitpicker"]
[Result "1-0"]
[WhiteElo "2434"]
[BlackElo "2226"]
[TimeControl "180+1"]
[EndTime "10:55:40 PDT"]
[Termination "LastHeroJr won by resignation"]

1. e4 c5 2. Nf3 Nc6 3. d4 cxd4 4. Nxd4 Nf6 5. Nc3 d6 6. Bg5 e6 7. Qd2 a6 8. O-O-O Bd7 9. f3 b5 10. Kb1 Be7 11. h4 Qb6 12. Nxc6 Bxc6 13. Ne2 O-O-O 14.
Nd4 Bb7 15. Be3 Qc7 16. a4 bxa4 17. Bd3 Nd7 18. b4 Kb8 19. Qe2 Ne5 20. Bxa6 Rc8 21.
Bd3 Qc3 22. Qd2 Nxd3 23. cxd3 d5 24. Qxc3 Rxc3 25. Rc1 Rhc8 26. Bf4+ Ka8 27. Nb5 Rb3+ 28. Ka2 Rxb4 29. Nc7+ Ka7 30. Rb1 Rxb1 31. Rxb1 Bc6 32. Nb5+ Ka6 33. Nc7+ Ka5 34. Bd2+ Bb4 35. Rxb4 Rxc7 36.
Rb7+ Ka6 37. Rxc7 Bb5 38. Rxf7 Bxd3 39. exd5 exd5 40. Ka3 Bf1 41. Rf8 Bxg2 42. Rg8 Bxf3 43. Rxg7 Be4 44. Rg8 Bg6 45. Rf8 Bf5 46. Bc3 Be4 47.
Bd4 Kb5 48. Rc8 Ka6 49. Rc5 Kb7 50. Kxa4 h5 51. Kb4 1-0

[Event "*** SCC Grand Prix: Titled Tuesday Blitz"]
[Site "Chess.com"]
[Date "2020.07.21"]
[Round "5"]
[White "rududuyk"]
[Black "Walter_White_Poland"]
[Result "0-1"]
[WhiteElo "2059"]
[BlackElo "2250"]
[TimeControl "180+1"]
[EndTime "10:55:40 PDT"]
[Termination "Walter_White_Poland won on time"]

1. e4 e6 2. d4 d5 3. Nd2 c5 4. exd5 Qxd5 5. Ngf3 cxd4 6. Bc4 Qd6 7. O-O Nf6 8. Nb3 Nc6 9. Nbxd4 Nxd4 10. Nxd4 a6 11. c3 Qc7 12. Qe2 Bd6 13. h3 Bf4 14. Bb3 O-O 15.
Qf3 Bxc1 16. Raxc1 e5 17. Nf5 e4 18. Nh6+ Kh8 19. Nxf7+ Qxf7 20. Bxf7 exf3 21. Bb3 fxg2 22.
Kxg2 Bd7 23. Rcd1 Bc6+ 24. Kh2 Rad8 25. Bc2 g6 26. f4 Rxd1 27. Rxd1 Nd5 28. Re1 Rxf4 29.
Kg3 Rf7 30. Bb3 Re7 31. Rf1 Kg7 32. Rd1 Re3+ 33. Kf2 Re5 34. Rd2 Rf5+ 35. Kg3 Re5 36. Rd1 Nf6 37. Rd2 Re3+ 38. Kf2 Rxh3 39. Rd6 Rf3+ 40. Ke2 Rf5 0-1

[Event "*** SCC Grand Prix: Titled Tuesday Blitz"]
[Site "Chess.com"]
[Date "2020.07.21"]
[Round "5"]
[White "Chessbard1972"]
[Black "bratkoo"]
[Result "0-1"]
[WhiteElo "2300"]
[BlackElo "2475"]
[TimeControl "180+1"]
[EndTime "10:55:41 PDT"]
[Termination "bratkoo won on time"]

1. d4 e6 2. c4 d5 3. Nc3 c6 4.
cxd5 exd5 5. Qc2 Bd6 6. Nf3 Ne7 7. Bg5 h6 8. Bh4 Bf5 9. Qxf5 Nxf5 10. Bxd8 Kxd8 11.
e3 Nd7 12. Bd3 Ne7 13. Rc1 b5 14. O-O a5 15. a4 b4 16. Ne2 c5 17. dxc5 Nxc5 18. Bb5 Rc8 19. Ned4 Rc7 20. Rfd1 Kc8 21. Ne1 Kb7 22. Nd3 Rhc8 23. Nxc5+ Rxc5 24. Rxc5 Rxc5 25. Kf1 Be5 26. Ke2 Kb6 27. Be8 Bxd4 28. exd4 Rc2+ 29.
Rd2 Rxd2+ 30. Kxd2 f6 31. b3 Nf5 32. Kd3 Nd6 33. Bg6 Kc6 34. f3 Kd7 35. Ke3 Ke6 36. Bd3 g5 37. g4 f5 38. h3 Kf6 39. Ba6 h5 40. gxh5 f4+ 41. Kd3 Nf5 42. Bb7 Ne7 43. Kd2 Kg7 44. Ba6 Kh6 45. Ke2 Kxh5 46. Kf2 Nf5 0-1

[Event "*** SCC Grand Prix: Titled Tuesday Blitz"]
[Site "Chess.com"]
[Date "2020.07.21"]
[Round "5"]
[White "bgfbfbgfbgfgf"]
[Black "rasmussvane"]
[Result "0-1"]
[WhiteElo "2632"]
[BlackElo "2890"]
[TimeControl "180+1"]
[EndTime "10:55:42 PDT"]
[Termination "rasmussvane won on time"]

1. e4 c6 2. d4 d5 3. e5 Bf5 4.
Nf3 e6 5. Be2 Ne7 6. Nbd2 Ng6 7.
Nb3 f6 8. O-O Nd7 9. Re1 Be7 10.
exf6 Nxf6 11. Bd3 O-O 12. Ng5 Qd7 13. Bxf5 exf5 14. Qd3 Ne4 15. Nh3 Bh4 16. Re2 Rae8 17. f3 Nd6 18. Nc5 Qf7 19. Bd2 Nc4 20. b3 Nb2 21. Rxe8 Nxd3 22. Rxf8+ Nxf8 23. Nxd3 Bf6 24. c3 h6 25. Re1 g5 26. f4 g4 27. Nhf2 h5 28.
Ne5 Qc7 29. Nfd3 Be7 30. Re2 Kg7 31. c4 Nh7 32. Bb4 Bxb4 33. Nxb4 Qb6 34. Nc2 Nf6 35. Nd3 dxc4 36. bxc4 Ne4 37. g3 Qb1+ 38. Nce1 Qa1 39. Rb2 b6 40. Kg2 Kf6 41. Kf1 Qd1 42. Kg2 Nd2 0-1

[Event "*** SCC Grand Prix: Titled Tuesday Blitz"]
[Site "Chess.com"]
[Date "2020.07.21"]
[Round "5"]
[White "OrtizAnahi2001"]
[Black "chesstrainer2042"]
[Result "0-1"]
[WhiteElo "2278"]
[BlackElo "2464"]
[TimeControl "180+1"]
[EndTime "10:55:42 PDT"]
[Termination "chesstrainer2042 won by resignation"]

1. d4 Nf6 2. c4 e6 3. Nc3 Bb4 4. e3 O-O 5. Bd3 c5 6. Ne2 d5 7.
O-O cxd4 8. exd4 dxc4 9. Bxc4 b6 10. a3 Bxc3 11. bxc3 Bb7 12. Bd3 Nbd7 13. Bg5 Qc7 14. Rc1 Be4 15. Ng3 Bxd3 16. Qxd3 h6 17. Bd2 Rfd8 18.
Qc2 b5 19. Rfe1 Nb6 20. Ne2 Nc4 21. Bf4 Qc6 22. Qb3 Nd5 23. Bg3 Rac8 24. Ra1 Na5 25. Qb1 Nxc3 26. Nxc3 Qxc3 27. Qxb5 Nb3 28. Rad1 Nxd4 29.
Qe5 Rd5 30. Qe4 Rcd8 31. Rb1 Nf5 32. Be5 Qxa3 33. Bb2 Qd3 34. Qg4 Kh7 35. h3 a5 36.
Ra1 Qc2 37. Ba3 Rd4 38. Qf3 Rd3 39. Qb7 R8d7 40. Qb6 a4 41. Qb5 Rd2 42. Bc5 R7d5 43. Rec1 Qe4 44. Rxa4 Rd1+ 45. Rxd1 Rxd1+ 46. Kh2 Qe5+ 47. f4 Qe1 0-1

[Event "*** SCC Grand Prix: Titled Tuesday Blitz"]
[Site "Chess.com"]
[Date "2020.07.21"]
[Round "5"]
[White "Korchmar_Vasiliy"]
[Black "GadimbayliA"]
[Result "0-1"]
[WhiteElo "2629"]
[BlackElo "2862"]
[TimeControl "180+1"]
[EndTime "10:55:43 PDT"]
[Termination "GadimbayliA won on time"]

1. d4 d5 2. Nf3 Nc6 3. Bf4 Nf6 4.
e3 Nh5 5. Bg5 h6 6. Bh4 g5 7.
Bg3 Nxg3 8. hxg3 g4 9. Nh4 e5 10. Bb5 Bg7 11. c3 Qd6 12. Nd2 Bd7 13. Nb3 O-O 14.
Nc5 Bc8 15. Qa4 Ne7 16. Bd7 b6 17. Bxc8 Rfxc8 18. Nd3 e4 19. Nf4 c5 20. dxc5 bxc5 21. Rd1 Rab8 22. O-O d4 23. cxd4 cxd4 24. exd4 Rxb2 25.
Qxa7 Rd8 26. a4 Nc6 27. Qc5 Nxd4 28. Qh5 Qf6 29. Qxg4 Qg5 30. Qh3 Ra2 31. Nf5 Rxa4 32. Nxg7 Kxg7 33. Rfe1 Kh7 34. Kh1 Qe5 35. Nh5 Rd6 36. Qh4 Nf5 37. Qg4 Rg6 38. Qh3 e3 39. fxe3 Nxe3 40. Rd3 Ra1 0-1

[Event "*** SCC Grand Prix: Titled Tuesday Blitz"]
[Site "Chess.com"]
[Date "2020.07.21"]
[Round "5"]
[White "bugsbunny444"]
[Black "boo786"]
[Result "1-0"]
[WhiteElo "2570"]
[BlackElo "2395"]
[TimeControl "180+1"]
[EndTime "10:55:44 PDT"]
[Termination "bugsbunny444 won on time"]

1. Nf3 Nf6 2. c4 c5 3. g3 g6 4. b3 Bg7 5. Bb2 Nc6 6. Bg2 d6 7. O-O O-O 8. Nc3 Bd7 9. e3 a6 10. d4 cxd4 11. exd4 Bg4 12. h3 Bxf3 13. Bxf3 Nd7 14.
d5 Nd4 15. Be2 Rb8 16. Kg2 b5 17. Nxb5 Nxb5 18. Bxg7 Kxg7 19. cxb5 axb5 20. Qd4+ Nf6 21. a4 bxa4 22. bxa4 Qa5 23. Bb5 Rfc8 24. Rfc1 h6 25. Rab1 Rc7 26. g4 Rbc8 27. Rxc7 Qxc7 28. Bc6 Rb8 29. Rxb8 Qxb8 30. a5 Qc8 31. Qb2 Qa6 32. Qa1 g5 33. Qa3 Kf8 34. Qb4 Kg7 35. Qb6 Qe2 36. Qe3 Qa6 37. Qxe7 Qxa5 38. Qxd6 1-0

[Event "*** SCC Grand Prix: Titled Tuesday Blitz"]
[Site "Chess.com"]
[Date "2020.07.21"]
[Round "5"]
[White "alfiefischer77"]
[Black "albano87"]
[Result "0-1"]
[WhiteElo "2200"]
[BlackElo "2400"]
[TimeControl "180+1"]
[EndTime "10:55:44 PDT"]
[Termination "albano87 won on time"]

1. e4 c5 2. Nf3 Nc6 3. d4 cxd4 4.
Nxd4 Nf6 5. Nc3 d6 6. Bg5 Bd7 7. Qd2 Rc8 8. Nxc6 Bxc6 9. f3 a6 10. Bxf6 gxf6 11. O-O-O Bg7 12. Bd3 Qa5 13. Kb1 O-O 14.
Nd5 Qd8 15. h4 f5 16. h5 Bxd5 17. exd5 Qb6 18. c4 e6 19. h6 Bf6 20. g4 fxg4 21.
Rhg1 Kh8 22. Rxg4 exd5 23. cxd5 Rg8 24. Bf5 Rxg4 25. fxg4 Re8 26. Qc2 Qe3 27. Bxh7 Qxh6 28. Bf5 Kg7 29. a3 Qf4 30. Ka2 Rh8 31. Rd2 b5 32. Rf2 Qd4 33. Rd2 Qe5 34. Re2 Qxd5+ 35. Qb3 Qxb3+ 36. Kxb3 a5 37. a4 Rh3+ 38. Ka2 Be5 39.
axb5 a4 40. b6 Rb3 0-1

[Event "*** SCC Grand Prix: Titled Tuesday Blitz"]
[Site "Chess.com"]
[Date "2020.07.21"]
[Round "5"]
[White "kirillshevchenko"]
[Black "theblitzchamp"]
[Result "0-1"]
[WhiteElo "2901"]
[BlackElo "2679"]
[TimeControl "180+1"]
[EndTime "10:55:45 PDT"]
[Termination "theblitzchamp won by checkmate"]

1. e4 c6 2. d4 d5 3. e5 Bf5 4. h4 h5 5. c4 e6 6. Nc3 Qb6 7.
c5 Qc7 8. Be3 b6 9. b4 a5 10. a3 Nd7 11. Nf3 Nh6 12. Rc1 axb4 13. axb4 bxc5 14. bxc5 Ng4 15. Bd3 g6 16. Bg5 Bh6 17. O-O Bxg5 18. Nxg5 O-O 19. Bxf5 exf5 20. Ne2 Rfe8 21. Nf4 Nf8 22. Re1 f6 23. Nf3 fxe5 24. dxe5 Nxe5 25. Ng5 Ng4 26. g3 Qa5 27. Rxe8 Rxe8 28.
Nxd5 Qa2 29. Rc2 Qxd5 30. Rd2 Qxc5 31. Qb3+ Kh8 32. Qf7 Qe7 33. Qa2 Qe1+ 34. Kg2 f4 35. Qf7 Qe7 36. Qxf4 Ne6 37. Nxe6 Qxe6 38. Qc7 Qe4+ 39.
f3 Ne3+ 40. Kf2 Qc4 41. Rd8 Qf1# 0-1

[Event "*** SCC Grand Prix: Titled Tuesday Blitz"]
[Site "Chess.com"]
[Date "2020.07.21"]
[Round "5"]
[White "Izoria123"]
[Black "crackcubano"]
[Result "0-1"]
[WhiteElo "2877"]
[BlackElo "2649"]
[TimeControl "180+1"]
[EndTime "10:55:46 PDT"]
[Termination "crackcubano won on time"]

1. Nf3 c5 2. e4 d6 3. Nc3 a6 4. g3 g6 5. Bg2 Bg7 6. d4 cxd4 7. Nxd4 Nf6 8. O-O O-O 9. h3 Qc7 10. a4 Nc6 11. Be3 e6 12. Qd2 Na5 13.
b3 Nd7 14. Nde2 b6 15. Rad1 Nb7 16. Bh6 Rb8 17. Bxg7 Kxg7 18. Qd4+ e5 19. Qe3 Nf6 20. Rd3 Nc5 21. Rd2 Bb7 22. Rfd1 Rbd8 23. g4 Rfe8 24. Nd5 Bxd5 25. exd5 h5 26. g5 Nfd7 27. h4 f5 28. b4 Nxa4 29. c4 Qxc4 30. Rc1 Qxb4 31. Rc7 Nc5 32. Rc2 Qxh4 33. Qc1 f4 34. f3 Qxg5 35. Nc3 Re7 36. Qf1 Qf5 37. Rd2 Rf8 38. Bh3 Qf7 39. Kh1 Nf6 40. Rxe7 Qxe7 41.
Qg1 Kh6 42. Rg2 Rg8 43. Qe1 g5 44. Qd2 g4 0-1

[Event "*** SCC Grand Prix: Titled Tuesday Blitz"]
[Site "Chess.com"]
[Date "2020.07.21"]
[Round "5"]
[White "GMHess"]
[Black "Witik"]
[Result "1-0"]
[WhiteElo "2781"]
[BlackElo "2600"]
[TimeControl "180+1"]
[EndTime "10:55:46 PDT"]
[Termination "GMHess won by resignation"]

1. d4 d5 2. c4 e6 3. Nc3 Nf6 4. Nf3 Bb4 5. g3 dxc4 6. Bg2 Nc6 7.
O-O O-O 8. Bg5 h6 9. Bxf6 Qxf6 10.
Qa4 Bd7 11. Ne5 Nxe5 12. Qxb4 Ng6 13. Qxb7 Rab8 14. Qxc7 Qd8 15. Qxc4 Rxb2 16. Rab1 Rxb1 17. Rxb1 Qa5 18. Qb4 Qc7 19. h4 Rc8 20. Rb3 Bc6 21. d5 exd5 22. Nxd5 Qe5 23. Re3 Qa1+ 24. Kh2 Qxa2 25.
Qd4 Bxd5 26. Bxd5 Qa5 27. h5 Nf8 28. Qe5 Qc7 29. Qxc7 Rxc7 30. Re8 a5 31. Ra8 a4 32.
e4 a3 33. Kg2 a2 34. Bxa2 Re7 35. Bd5 Rd7 36. g4 Re7 37. Kg3 Rd7 38. f4 Rc7 39.
f5 Rd7 40. Kf4 Rc7 41. g5 Rd7 42. g6 Rc7 43. gxf7+ Rxf7 44. Ra7 1-0

[Event "*** SCC Grand Prix: Titled Tuesday Blitz"]
[Site "Chess.com"]
[Date "2020.07.21"]
[Round "5"]
[White "RodinMihail"]
[Black "JuliaEfremova"]
[Result "1-0"]
[WhiteElo "2489"]
[BlackElo "2329"]
[TimeControl "180+1"]
[EndTime "10:55:46 PDT"]
[Termination "RodinMihail won by checkmate"]

1. e4 d5 2. exd5 Qxd5 3. Nc3 Qa5 4. d4 Nf6 5. Nf3 Bg4 6. h3 Bxf3 7. Qxf3 c6 8. Bd2 e6 9. Ne4 Qd8 10. Nxf6+ Qxf6 11. Qe4 Nd7 12. Bd3 Nb6 13. c4 O-O-O 14. Be3 Bb4+ 15. Ke2 Rhe8 16. f4 g6 17. Rhd1 h5 18. Rac1 Na4 19. Rc2 Qe7 20. c5 Ba5 21. Rdc1 f5 22.
Qf3 Qd7 23. b3 Nc3+ 24. Rxc3 Bxc3 25. Rxc3 a6 26. b4 Qd5 27. Bc4 Qxf3+ 28. Kxf3 Kd7 29. a4 Ra8 30. Bf2 a5 31. b5 Kc7 32. Bh4 cxb5 33.
Bxb5 Rg8 34. Bf6 b6 35. Be5+ Kb7 36. cxb6 Kxb6 37. Rc6+ Ka7 38. Rxe6 Rac8 39. d5 Rc2 40. Bd4+ Kb7 41. Re7+ Kc8 42. d6 Rd2 43. Bb6 Rxd6 44.
Ba6+ Kb8 45. Bc7+ Ka7 46. Bxd6+ Kxa6 47. Bc5 Rc8 48. Ra7# 1-0

[Event "*** SCC Grand Prix: Titled Tuesday Blitz"]
[Site "Chess.com"]
[Date "2020.07.21"]
[Round "5"]
[White "Phriex"]
[Black "Artem_Sadovsky"]
[Result "1-0"]
[WhiteElo "2385"]
[BlackElo "2509"]
[TimeControl "180+1"]
[EndTime "10:55:47 PDT"]
[Termination "Phriex won on time"]

1. d4 f5 2. Nf3 Nf6 3. g3 g6 4.
Bg2 Bh6 5. O-O Bg7 6. c4 O-O 7. Nc3 d6 8. d5 c5 9. dxc6 Nxc6 10. Nd4 Bd7 11. b3 Nxd4 12. Qxd4 Ne4 13. Qd5+ e6 14.
Qxb7 Nxc3 15. Kh1 Rb8 16. Qxa7 Nb5 17. cxb5 Bxa1 18. Be3 Bf6 19. b6 Rf7 20. b7 d5 21.
Bb6 Qf8 22. Bc7 Bc6 23. Qxb8 Qxb8 24. Bxb8 Rxb7 25. Bd6 Ra7 26. a3 Rb7 27. Bb4 Bb2 28.
Rb1 Bf6 29. Rc1 Bb5 30. f3 Bxe2 31. Re1 Bb5 32. Rxe6 Kf7 33. Rd6 Rc7 34. h3 Rc1+ 35.
Kh2 Bd4 36. h4 Bc6 37. f4 Bg1+ 38. Kh3 Bf2 39. Rxc6 Rxc6 40. Bxd5+ Re6 41. a4 Be1 42. Bxe1 1-0

[Event "*** SCC Grand Prix: Titled Tuesday Blitz"]
[Site "Chess.com"]
[Date "2020.07.21"]
[Round "5"]
[White "manmanlai1"]
[Black "Quattroporte300"]
[Result "1-0"]
[WhiteElo "2501"]
[BlackElo "2337"]
[TimeControl "180+1"]
[EndTime "10:55:48 PDT"]
[Termination "manmanlai1 won by resignation"]

1. b3 e5 2. Bb2 Nc6 3. e3 Nf6 4. Bb5 Bd6 5. Na3 a6 6. Be2 Be7 7. Nc4 d6 8. d4 exd4 9. exd4 d5 10. Ne5 O-O 11. Nxc6 bxc6 12. Nf3 c5 13. O-O cxd4 14. Nxd4 Qd6 15. Bd3 c5 16. Nf5 Bxf5 17. Bxf5 d4 18.
c3 Rad8 19. cxd4 cxd4 20. Bd3 Nd7 21. Re1 Bf6 22. Rc1 Rfe8 23. Rxe8+ Rxe8 24. Bf1 g6 25. Qd3 Re6 26. Rd1 Ne5 27. Qe4 Nd7 28. Qa8+ Kg7 29.
Bc4 Nb6 30. Qxa6 Nxc4 31. Qxc4 Re4 32. g3 h5 33. b4 h4 34. b5 hxg3 35. hxg3 Qe5 36.
b6 Re1+ 37. Rxe1 Qxe1+ 38. Kg2 Qe4+ 39. Kg1 Qb1+ 40. Qc1 Qxa2 41. b7 Qb3 42. Qc7 Qd1+ 43. Kg2 d3 44. b8=Q 1-0

[Event "*** SCC Grand Prix: Titled Tuesday Blitz"]
[Site "Chess.com"]
[Date "2020.07.21"]
[Round "5"]
[White "vitnik2020"]
[Black "Noam_Vitenberg"]
[Result "1-0"]
[WhiteElo "2333"]
[BlackElo "2471"]
[TimeControl "180+1"]
[EndTime "10:55:48 PDT"]
[Termination "vitnik2020 won by checkmate"]

1. d4 Nf6 2. Nf3 d5 3. c4 e6 4. e3 a6 5. b3 c5 6. Bd3 Nc6 7. Bb2 cxd4 8. exd4 Bd6 9. O-O O-O 10. c5 Bc7 11. a3 Ne4 12. b4 f6 13. Qc2 f5 14.
Ne5 Nxe5 15. dxe5 Bd7 16. f3 Ng5 17. Nd2 Qe8 18. a4 Rc8 19. Qb3 Bb8 20. Bd4 Nf7 21.
f4 g5 22. g3 Kh8 23. b5 axb5 24.
axb5 Rg8 25. Kh1 Nh6 26. Nf3 gxf4 27. gxf4 Qh5 28. Be2 Qh3 29. Rg1 Rg4 30. Qe3 Rxg1+ 31. Qxg1 Rg8 32. Ng5 Qh4 33. Qg3 Qxg3 34. hxg3 Kg7 35.
Kg2 Nf7 36. Nxf7 Kxf7 37. Rc1 Bc7 38. c6 bxc6 39. bxc6 Be8 40. Bb5 Ke7 41. Ra1 Bf7 42.
Bc5+ Ke8 43. Ra8+ Bd8 44. c7# 1-0

[Event "*** SCC Grand Prix: Titled Tuesday Blitz"]
[Site "Chess.com"]
[Date "2020.07.21"]
[Round "5"]
[White "Gusarov91"]
[Black "Paul66666"]
[Result "1-0"]
[WhiteElo "2640"]
[BlackElo "2495"]
[TimeControl "180+1"]
[EndTime "10:55:49 PDT"]
[Termination "Gusarov91 won by resignation"]

1. d4 d5 2. Nf3 Nf6 3. c4 c6 4.
Nc3 e6 5. e3 Nbd7 6. Qc2 Bd6 7.
e4 dxe4 8. Nxe4 Nxe4 9. Qxe4 Bb4+ 10. Bd2 Bxd2+ 11. Nxd2 c5 12. Nb3 Nf6 13. Qe3 cxd4 14. Qxd4 Qc7 15. Be2 O-O 16. O-O e5 17. Qc5 Qxc5 18.
Nxc5 b6 19. Nd3 Re8 20. Rac1 Bb7 21. c5 bxc5 22. Nxc5 Bd5 23. b3 a5 24. Rfd1 g6 25. Nd7 Nxd7 26. Rxd5 Nf6 27. Rdd1 Kg7 28. g3 e4 29. Rc7 Rec8 30. Rdc1 Rxc7 31. Rxc7 Nd5 32. Rb7 Nb4 33. a4 Rd8 34. Bc4 Rd1+ 35. Kg2 Rd2 36. Rxf7+ Kh6 37. Re7 Nd3 38. Rxe4 Nxf2 39. Re2 Rxe2 40.
Bxe2 Ne4 41. Bd3 Nc5 42. Bc4 Kg5 43. Kf3 Kf5 44. Ke3 Ke5 45. h4 h6 46. Bf7 g5 47.
hxg5 hxg5 48. g4 Nd7 49. Kd3 Nb6 50. Kc3 Kf4 51. Be6 Ke5 52. Bf5 Kd5 53. b4 Nxa4+ 54.
Kb3 Nb6 55. bxa5 Na8 56. Kb4 Kd6 57. Kb5 Nc7+ 58. Kb6 Nd5+ 59. Kb7 Nb4 60. a6 1-0

[Event "*** SCC Grand Prix: Titled Tuesday Blitz"]
[Site "Chess.com"]
[Date "2020.07.21"]
[Round "5"]
[White "MasterKroket"]
[Black "louis198"]
[Result "1-0"]
[WhiteElo "2414"]
[BlackElo "2556"]
[TimeControl "180+1"]
[EndTime "10:55:49 PDT"]
[Termination "MasterKroket won on time"]

1. d4 e6 2. c4 d5 3. Nf3 b6 4.
Nc3 Bb7 5. cxd5 exd5 6. Qc2 Nf6 7. Bg5 Be7 8. e3 O-O 9. Bd3 h6 10. Bh4 c5 11. O-O Nc6 12. a3 cxd4 13. exd4 Rc8 14. Rfe1 Re8 15. Bf5 Nd7 16. Bg3 Na5 17. Qe2 Nc4 18. Rac1 Bc6 19. Bb1 Bf6 20. Qd3 Nf8 21.
Rxe8 Qxe8 22. Re1 Qd7 23. Re2 Re8 24. Ne5 Qb7 25. h3 b5 26. Nxc6 Rxe2 27. Nxe2 Qxc6 28. Nf4 Nxb2 29. Qf5 Qc1+ 30. Kh2 a6 31. Nxd5 Qg5 32. Qe4 Nc4 33. Bf4 Qg6 34. Qe1 Qh5 35. Nxf6+ gxf6 36. Qc3 Qd5 37. Qg3+ Kh8 38. Bxh6 Ne6 39. Qh4 Kg8 40.
Qxf6 Qxd4 41. Qf5 Qd6+ 42. g3 Qd1 43. Bf4 Qh5 44. Qxh5 1-0

[Event "*** SCC Grand Prix: Titled Tuesday Blitz"]
[Site "Chess.com"]
[Date "2020.07.21"]
[Round "5"]
[White "IMHansNiemann"]
[Black "Grandelicious"]
[Result "0-1"]
[WhiteElo "2955"]
[BlackElo "2800"]
[TimeControl "180+1"]
[EndTime "10:55:50 PDT"]
[Termination "Grandelicious won by checkmate"]

1. d4 d5 2. Nc3 c5 3. e4 dxe4 4. d5 Nf6 5. Bg5 a6 6. a4 h6 7. Be3 e6 8. Bc4 exd5 9. Nxd5 Nc6 10. Ne2 Be6 11. Nef4 Nxd5 12. Bxd5 Bxd5 13. Qxd5 Qxd5 14.
Nxd5 O-O-O 15. O-O-O Bd6 16. Nb6+ Kc7 17. Nc4 Nd4 18.
b4 Ne6 19. b5 axb5 20. axb5 Bf4 21. Kb2 f5 22. g3 Bg5 23. h4 Bf6+ 24. c3 Rxd1 25. Rxd1 Rd8 26. Rxd8 Bxd8 27. Kc2 Kd7 28. h5 Nc7 29. Bxc5 Nxb5 30. Ne3 Ke6 31. c4 Nc7 32.
Bb6 Kd7 33. Nxf5 Bf6 34. Kd2 Ne6 35. Ke3 Kc6 36. Ba7 Ng5 37. Bd4 Ne6 38. Bxf6 gxf6 39. Kxe4 Kc5 40. Ne7 Kxc4 41. Ng8 Nc5+ 42. Kf5 b5 43.
Nxh6 b4 44. Nf7 b3 45. h6 b2 46. h7 b1=Q+ 47. Kxf6 Qxh7 48. Nd6+ Kd5 49. Nf5 Ne4# 0-1

[Event "*** SCC Grand Prix: Titled Tuesday Blitz"]
[Site "Chess.com"]
[Date "2020.07.21"]
[Round "5"]
[White "ural58"]
[Black "TheWolfSpur"]
[Result "1-0"]
[WhiteElo "2536"]
[BlackElo "2376"]
[TimeControl "180+1"]
[EndTime "10:55:50 PDT"]
[Termination "ural58 won by resignation"]

1. e4 c5 2. b3 g6 3. Bb2 Nf6 4. Qf3 Bg7 5. e5 Ng8 6. e6 Nf6 7. exf7+ Kxf7 8. g4 Kg8 9. g5 Nh5 10. Bxg7 Nxg7 11. Qd5+ e6 12. Qxc5 Nc6 13. Nc3 d6 14.
Qe3 Nf5 15. Qf4 e5 16. Qc4+ Kg7 17. h4 Ncd4 18. O-O-O Be6 19. Qd3 Rc8 20. Bg2 Qa5 21. Nge2 Nxe2+ 22. Qxe2 Nd4 23. Qe3 Qa3+ 24. Kb1 b5 25.
Be4 b4 26. Ne2 Nxe2 27. Qxe2 Rc5 28. d4 Ra5 29. c4 bxc3 30. d5 Bg4 31. f3 Bd7 32.
Rc1 Rc8 33. Rc2 Rac5 34. Rhc1 Qa5 35. h5 Qb4 36. hxg6 hxg6 37. Qg2 Bf5 38. Bxf5 gxf5 39. Qh2 Rh8 40. Qe2 Qf4 41. Qa6 Rxd5 42. Qxa7+ Kg6 43.
Qe7 Qxg5 44. Qe6+ Qf6 45. Qxd5 f4 46. Qe4+ Kf7 47. Rxc3 Rh2 48. Rc7+ Ke6 49. Qc4+ Kf5 1-0

[Event "*** SCC Grand Prix: Titled Tuesday Blitz"]
[Site "Chess.com"]
[Date "2020.07.21"]
[Round "5"]
[White "BJthechessgod"]
[Black "CrushingKings"]
[Result "0-1"]
[WhiteElo "2319"]
[BlackElo "2521"]
[TimeControl "180+1"]
[EndTime "10:55:51 PDT"]
[Termination "CrushingKings won by checkmate"]

1. e4 c5 2. Nf3 e6 3. d4 cxd4 4. Nxd4 Nc6 5. Nc3 Qc7 6. Be3 a6 7. Be2 Nf6 8. O-O Be7 9. f4 d6 10. Bf3 O-O 11. Qe2 Re8 12. Rae1 Bd7 13. g4 Nxd4 14.
Bxd4 e5 15. Be3 exf4 16. Bxf4 Be6 17. g5 Nd7 18. Nd5 Bxd5 19. exd5 Ne5 20. Be4 Ng6 21. Bxg6 hxg6 22. Qd3 Qb6+ 23. Be3 Qxb2 24. Bd4 Qxa2 25. Qf3 f5 26. gxf6 Bxf6 27. Bxf6 Rxe1 28. Rxe1 Rf8 29.
Qg4 Qxd5 30. Qxg6 Qc5+ 31. Kg2 Qc6+ 32. Kg3 Rf7 33. Bxg7 Qf3+ 34. Kh4 Rf4+ 35. Kg5 Rg4+ 36. Kh6 Rxg6+ 37. Kxg6 Qf7+ 38. Kg5 Qxg7+ 39. Kh4 Qf6+ 40. Kg3 Qc3+ 41. Kf2 Qxc2+ 42. Re2 Qxe2+ 43. Kxe2 Kg7 44. Ke3 Kh6 45. Kd4 Kh5 46. Kd5 Kh4 47. Kxd6 Kh3 48. Kc7 Kxh2 49. Kxb7 a5 50. Ka6 a4 51. Ka5 a3 52.
Ka4 a2 53. Ka3 a1=Q+ 54. Kb3 Kg2 55. Kc2 Kf3 56. Kd2 Ke4 57. Ke2 Qc3 58. Kd1 Qb2 59.
Ke1 Ke3 60. Kd1 Qd2# 0-1

[Event "*** SCC Grand Prix: Titled Tuesday Blitz"]
[Site "Chess.com"]
[Date "2020.07.21"]
[Round "5"]
[White "Rodalquilar"]
[Black "Andreikka"]
[Result "1-0"]
[WhiteElo "2652"]
[BlackElo "2884"]
[TimeControl "180+1"]
[EndTime "10:55:53 PDT"]
[Termination "Rodalquilar won by checkmate"]

1. d4 Nf6 2. Bf4 d5 3. e3 e6 4. Nf3 Bd6 5. Bg3 O-O 6. c4 b6 7. cxd5 exd5 8. Nc3 Bb7 9. Qc2 a6 10. Rd1 Re8 11. Be2 Bxg3 12. hxg3 Nbd7 13. g4 Ne4 14. Nxe4 dxe4 15. Nd2 Nf6 16. g5 Nd7 17. f4 b5 18.
Kf2 Bd5 19. Rh4 Nf8 20. Rdh1 Rb8 21. Bg4 g6 22. Nb3 Rb6 23. Nc5 Rd6 24. Qc1 f6 25. gxf6 Qxf6 26. Nd7 Nxd7 27. Rxh7 Rc6 28. Rh8+ Qxh8 29.
Rxh8+ Kxh8 30. Qh1+ Kg7 31. Bxd7 Rc2+ 32. Kg3 Rh8 33.
Qd1 Rc4 34. Qd2 Rh1 35. b3 Rcc1 36. Qa5 Rhe1 37. Bc6 Bxc6 38. Qxc7+ Kh6 39. Kf2 Rf1+ 40. Kg3 Rc3 41. Qd8 Rxe3+ 42. Kg4 Re2 43. Qh8# 1-0

[Event "*** SCC Grand Prix: Titled Tuesday Blitz"]
[Site "Chess.com"]
[Date "2020.07.21"]
[Round "5"]
[White "OK97"]
[Black "DaggiGretarsson"]
[Result "1-0"]
[WhiteElo "2815"]
[BlackElo "2615"]
[TimeControl "180+1"]
[EndTime "10:55:53 PDT"]
[Termination "OK97 won on time"]

1. d4 g6 2. e4 Bg7 3. Nc3 d6 4. Nf3 a6 5. Be3 b5 6. Bd3 Nd7 7. a4 b4 8. Nb1 c5 9. c3 Rb8 10. a5 Ngf6 11. Nbd2 O-O 12. O-O Ng4 13. Bg5 h6 14. Bh4 bxc3 15. bxc3 g5 16. Bg3 Qc7 17. Nxg5 hxg5 18. Qxg4 cxd4 19. Qxg5 dxc3 20. Nf3 Nc5 21. Bc2 Rb2 22. Rac1 e5 23. Qe3 Ne6 24. Rfd1 Bb7 25. h4 Rc8 26. h5 Qc5 27. Qe1 Bh6 28. Rb1 Bc6 29. Rxb2 cxb2 30. Bb1 Ba4 31. Kh2 Bxd1 32. Qxd1 Qc1 33. Qd3 Rc3 34. Qxd6 Qxb1 35. Bxe5 Rc8 36. Qe7 Qc2 37. Qf6 Bg7 38. Qf5 b1=Q 39. h6 Qxf2 40. hxg7 Qbf1 41. Qh3 1-0